 Dungeon Crawl Stone Soup version bcrawl-1.21.2-1-g32d02e0829 (webtiles) character file.

Game seed: 10706937666428395005

104948 MisterOstroum the Grappler (level 16, -46/231 HPs)
             Began as a Naga Transmuter on Feb 18, 2020.
             Was an Elder of Sif Muna.
             Annihilated by an Ice Fiend (54 damage)
             ... in an ice cave on Feb 22, 2020.
             The game lasted 01:47:07 (37510 turns).

MisterOstroum the Grappler (Naga Transmuter)       Turns: 37510, Time: 01:47:07

Health: -46/231    AC: 28    Str: 18    XL:     16   Next: 40%
Magic:  28/28      EV:  1    Int: 15    God:    Sif Muna [****..]
Gold:   465        SH:  2    Dex: 16    Spells: 11/31 levels left

rFire    + . .     SeeInvis +     - Unarmed
rCold    x . .     Gourm    .   (no shield)
rNeg     + + +     Faith    .   (armour currently unavailable)
rPois    +         Spirit   .   (helmet currently unavailable)
rElec    .         Reflect  +   (cloak currently unavailable)
rCorr    .         Harm     .   (gloves currently unavailable)
MR       ++...     NoTele   +   (no barding)
Stlth    +++++.....             u - +2 amulet of reflection
HPRegen  0.48/turn              m - ring of fire
MPRegen  0.21/turn              M - +4 ring of dexterity

@: tree-form
A: large, see invisible, slow metabolism 1, spit poison 1, AC +5
a: Spit Poison, Divine Energy, Channel Magic, Forget Spell, Renounce Religion


You were in an ice cave.
You worshipped Sif Muna.
Sif Muna was greatly pleased with you.
You were not hungry.
You were a tree.
You visited 6 branches of the dungeon, and saw 23 of its levels.
You also visited: Ice Cave.

You collected 2332 gold pieces.
You spent 1867 gold pieces at shops.

Inventory:

Hand Weapons
 r - the +9 scimitar "Wubbeashi" {flame, rF+ rC+ Int+4}
   (You found it on level 4 of the Lair of Beasts)

   It has been specially enchanted to burn those struck by it, causing extra
   injury to most foes and up to half again as much damage against particularly
   susceptible opponents.
   Big, fiery blades are also staple armaments of hydra-hunters.
   It affects your intelligence (+4).
   It protects you from fire.
   It protects you from cold.
Missiles
 a - 1157 arrows
 l - 3151 stones (quivered)
 G - 154 javelins
 O - 2 throwing nets {!f!f}
 U - 319 tomahawks
Armour
 x - the +1 leather armour of Fun and Games (melded) {Int+7 Dex-4}
   (You bought it in a shop in the Orcish Mines)

   It affects your intelligence (+7).
   It affects your dexterity (-4).
 I - a +0 large shield
 L - a +2 hat of intelligence (melded)
 W - a +2 cloak of magic resistance
 Y - a scarf of spirit shield (melded)
Magical Staves
 J - an uncursed staff of cold
Jewellery
 h - an uncursed ring of protection from magic
 m - a ring of fire (left branch)
 p - an uncursed ring of wizardry
 u - a +2 amulet of reflection (around neck)
 B - an uncursed ring of resist corrosion
 C - an uncursed ring of flight {unknown}
 M - a +4 ring of dexterity (right branch)
Wands
 f - a wand of paralysis (15)
 w - a wand of acid (6)
 y - a wand of enslavement (13)
 D - a wand of flame (37)
 E - a wand of polymorph (29)
 F - a wand of iceblast (15)
 P - a wand of disintegration (16)
 Q - a wand of scattershot (2)
Scrolls
 b - 4 scrolls of fear {!r}
 c - 4 scrolls of identify {@r1}
 k - 9 scrolls of teleportation {@r3 !r}
 q - 4 scrolls of amnesia
 s - 8 scrolls of remove curse {@r2}
 v - 3 scrolls of blinking {@r4}
 A - 2 scrolls of silence
 H - a scroll of immolation
 N - 3 scrolls of vulnerability
 R - a scroll of fog {!r}
Potions
 d - 6 potions of lignification {@q6}
 g - 5 potions of brilliance
 i - 3 potions of resistance
 j - 8 potions of heal wounds {@q2 !q}
 n - 12 potions of curing {@q1 !q}
 o - 7 potions of flight
 t - 5 potions of agility {@q5 !q}
 z - 4 potions of might {@q3 !q}
 S - a potion of ambrosia
 T - 2 potions of haste {@q4 !q}
 V - a potion of magic
 X - a potion of mutation
Comestibles
 e - 27 rations {!d}


   Skills:
 * Level 12.8 Fighting
 + Level 9.3 Dodging
 - Level 10.4 Stealth
 * Level 12.8 Unarmed Combat
 - Level 8.0 Spellcasting
 - Level 3.0 Charms
 - Level 3.0 Translocations
 * Level 11.7 Transmutations
 - Level 7.0 Ice Magic
 - Level 6.2 Poison Magic
 - Level 2.9 Invocations
 + Level 8.3 Evocations


You had 11 spell levels left.
You knew the following spells:

 Your Spells              Type           Power        Failure   Level  Hunger
a - Apportation           Tloc           ###...       3%          1    None
b - Sticks to Snakes      Tmut           #####...     1%          2    None
c - Ozocubu's Armour      Chrm/Ice       ###.....     4%          3    ##.....
B - Blink                 Tloc           N/A          5%          2    None
C - Spider Form           Tmut/Pois      ###          1%          3    ##.....
F - Ice Form              Ice/Tmut       ####....     2%          4    ####...
H - Blade Hands           Tmut           #####.....   2%          5    #####..

Your spell library contained the following spells:

 Spells                   Type           Power        Failure   Level  Hunger
 Beastly Appendage        Tmut           #####.       1%          1    None
 Freeze                   Ice            ####..       1%          1    None
 Sting                    Conj/Pois      ###.         3%          1    None
 Ignite Poison            Fire/Tmut/Pois #####...     3%          3    ##.....
 Ensorcelled Hibernation  Hex/Ice        ###...       4%          2    None
 Throw Frost              Conj/Ice       ###...       4%          2    None
 Song of Slaying          Chrm           ###.....     5%          2    None
 Petrify                  Tmut/Erth      ###.....     11%         4    ####...
 Yara's Violent Unravell  Hex/Tmut       ###.......   11%         4    ####...
 Corona                   Hex            #......      12%         1    None
 Magic Dart               Conj           #...         12%         1    None
 Shock                    Conj/Air       #....        12%         1    None
 Searing Ray              Conj           #.......     19%         2    None
 Shackle                  Hex            #.......     19%         2    None
 Sublimation of Blood     Necr           #.........   19%         2    None
 Spectral Weapon          Hex/Chrm       ##......     19%         3    ##.....
 Summon Ice Beast         Ice/Summ       ###.....     28%         4    ####...
 Throw Icicle             Conj/Ice       ###.....     28%         4    ####...
 Irradiate                Conj/Tmut      ###.......   30%         5    #####..
 Confuse                  Hex            #.......     34%         3    ##.....
 Conjure Flame            Conj/Fire      #.......     34%         3    ##.....
 Dazzling Spray           Conj/Hex       #.....       34%         3    ##.....
 Iskenderun's Mystic Bla  Conj           #.......     34%         3    ##.....
 Stone Arrow              Conj/Erth      #.....       34%         3    ##.....
 Tukima's Dance           Hex            #.......     34%         3    ##.....
 Vampiric Draining        Necr           #.........   34%         3    ##.....
 Metabolic Englaciation   Hex/Ice        ###.......   61%         5    #####..
 Dragon Form              Tmut           #####..      63%         7    #######
 Piercing Shot            Chrm           ###.......   67%         5    #####..
 Venom Bolt               Conj/Pois      ###.......   67%         5    #####..
 Ozocubu's Refrigeration  Ice            ####......   71%         6    #######
 Animate Dead             Necr           N/A          75%         4    ####...
 Fulminant Prism          Conj/Hex       #.........   75%         4    ####...
 Sticky Flame             Conj/Fire      #.......     75%         4    ####...
 Infestation              Hex/Tmut/Pois  ###......    83%         6    #######
 Iskenderun's Battlesphe  Conj/Chrm      ##......     87%         5    #####..
 Bolt of Magma            Conj/Fire/Erth #.........   97%         5    #####..
 Silence                  Hex/Air        #.........   97%         5    #####..
 Summon Lightning Spire   Summ/Air       #.......     97%         5    #####..
 Summon Mana Viper        Hex/Summ       #.......     97%         5    #####..
 Bolt of Cold             Conj/Ice       ###.......   99%         6    #######
 Freezing Cloud           Ice/Air        ###.......   99%         6    #######
 Poison Arrow             Conj/Pois      ###.......   99%         6    #######
 Simulacrum               Ice/Necr       ###.......   99%         6    #######
 Death Channel            Chrm/Necr      ##........   100%        6    #######
 Deflect Missiles         Chrm/Air       ##........   100%        6    #######
 Malign Gateway           Summ/Tloc      ##........   100%        7    #######
 Mana Rupture             Conj/Hex       #.........   100%        7    #######
 Controlled Blink         Tloc           N/A          100%        8    #######
 Discord                  Hex            #.........   100%        8    #######
 Ignition                 Fire           #.........   100%        8    #######
 Necromutation            Tmut/Necr      ###.....     100%        8    #######
 Dragon's Call            Summ           #.........   100%        9    #######
 Fire Storm               Conj/Fire      #.........   100%        9    #######


Dungeon Overview and Level Annotations

Branches:
Dungeon (12/12)            Temple (1/1) D:7            Lair (6/6) D:8
 Shoals (1/3) Lair:2        Snake (2/3) Lair:2        Slime (0/5) Lair:5
    Orc (1/1) D:8             Elf (0/3) Orc          Vaults (0/3) D:12
 Depths (0/5) D:12

Altars:
Cheibriados
Elyvilon
Gozag
Kikubaaqudgha
Lugonu
Makhleb
Nemelex Xobeh
Okawaru
Qazlal
Ru
Sif Muna
Trog
Uskayaw
Vehumet
Wu Jian
Yredelemnul
Zin
The Shining One
Beogh
Jiyva

Shops:
D:4 !   D:9 ?   Orc }}!*   Snake:1 **

Portals:
Trove: D:11 (give 2 scrolls of acquirement)

Annotations:
D:4 exclusion: orc warrior
Lair:1 exclusion: fire dragon
Lair:3 1 exclusion
Lair:5 exclusion: oklob plant
Snake:1 3 runed translucent doors, SirMumm's ghost, adept GrWz


Innate Abilities, Weirdness & Mutations

You cannot wear boots.
((Your serpentine skin is tough. (AC +5)))
You have supernaturally acute eyesight. (SInv)
((Armour fits poorly on your strangely shaped body.))
((Your system is resistant to poisons. (rPois)))
((You cover ground very slowly.))
You have a slow metabolism.
You can spit poison.
((You can use your snake-like lower body to constrict enemies.))


Message History

You barely miss the ice devil.
The ice devil is severely wounded.
The ice devil hits you. The ice devil freezes you. You resist.
You punch the ice devil!
The ice devil is almost dead.
You hit the ice devil but do no damage.
The ice devil is almost dead.
The ice devil completely misses you.
You hit the ice devil but do no damage.
The ice devil is almost dead.
The ice devil hits you! The ice devil freezes you. You resist.
You barely miss the ice devil.
The ice devil is almost dead.
You hit the ice devil but do no damage.
The ice devil is almost dead.
The ice devil misses you.
You barely miss the ice devil.
The ice devil is almost dead.
The ice devil hits you but does no damage.
You punch the ice devil!
You kill the ice devil!
Sif Muna accepts your kill.
There is an open door here.
You start resting.
You are feeling very hungry.
You eat one of the 28 rations {!d}.
That ration really hit the spot!
There is an open door here.
Really walk into a travel-excluded area?
You hit the ice statue.
The ice statue is lightly damaged.
You punch the ice statue!
The ice statue is moderately damaged.
You pummel the ice statue!!
The ice statue is severely damaged.
You hit the ice statue but do no damage.
The ice statue is severely damaged.
The ice statue gestures.
You punch the ice statue!
The ice statue is almost destroyed.
You pummel the ice statue!!
You destroy the ice statue!
Sif Muna accepts your kill.
The ice beast disappears in a puff of smoke!
You open the door.
An Ice Fiend comes into view.
The Ice Fiend roars!
The Ice Fiend calls on the powers of darkness!
Your body is wracked with pain!
Found eight items.
Okay, then.
Unknown command.
Okay, then.
Unknown command.
You close the door.
You start resting.
An Ice Fiend opens the door.
Really quaff the potion of lignification?
You warm up again.
Your uncursed staff of cold unmelds from your body.
Your scarf of spirit shield unmelds from your body.
Your +2 hat of intelligence unmelds from your body.
The +1 leather armour of Fun and Games {Int+7 Dex-4} unmelds from your body.
You feel spirits watching over you.
You feel clever.
You turn into a tree.
Your scarf of spirit shield melds into your body.
Your +2 hat of intelligence melds into your body.
The +1 leather armour of Fun and Games {Int+7 Dex-4} melds into your body.
You feel strangely alone.
You feel stupid.
Your roots penetrate the ground.
You hit the Ice Fiend but do no damage.
The Ice Fiend claws you but does no damage. x2
You hit the Ice Fiend but do no damage.
The Ice Fiend claws you but does no damage. x2
Unknown command.
Wield which item (- for none, * to show all)? (? for menu, Esc to quit)
That's the wrong kind of item! (Use * to select it.) Wield which item (- for none, * to show all)? (? for menu, Esc to quit)
That's the wrong kind of item! (Use * to select it.) Wield which item (- for none, * to show all)? (? for menu, Esc to quit)
You are now empty-handed.
You smack the Ice Fiend!
The Ice Fiend is lightly wounded.
The Ice Fiend claws you but does no damage. x2
You hit the Ice Fiend but do no damage.
The Ice Fiend is lightly wounded.
The Ice Fiend gestures at you.
You feel a terrible chill! The bolt of cold hits you!!!
* * * LOW HITPOINT WARNING * * *
You smack the Ice Fiend!
The Ice Fiend is moderately wounded.
The Ice Fiend claws you.
* * * LOW HITPOINT WARNING * * *
The Ice Fiend freezes you!!
You feel a terrible chill!
* * * LOW HITPOINT WARNING * * *
The Ice Fiend claws you!
* * * LOW HITPOINT WARNING * * *
The Ice Fiend freezes you!!!
You feel a terrible chill!
You die...

############
#.'.......'.
#.#########.
##.#.#.#.#.#.
######..#'#'#'#'##
#.......#.......'.
#.#####.#.8.8.8.##
##.#!??#.#.........
#.♣1?⌠?#.'.........
##^#[[)#.#.........
#.#####.#.8.8.8.##
#.......#.......'.
######8.#'#'#'#'##
##.#.#.#.#.#.
#.#########.
#.'.......'.
############


You could see an Ice Fiend.

Vanquished Creatures
  Gastronok (Lair:3)
  An ettin (Orc)
  Snorg (D:11)
  A fire dragon (Lair:6)
  Harold (Lair:4)
  Fannar (Lair:3)
  An ogre mage (D:12)
  6 hydras
  5 naga warriors
  4 anacondas
  A merfolk aquamancer (Shoals:1)
  7 two-headed ogres
  A tengu warrior (D:12)
  3 death yaks (Lair:6)
  2 shock serpents (Snake:1)
  A deep troll (D:10)
  3 orc high priests (Orc)
  2 naga ritualists (Snake:2)
  An unseen horror (D:12)
  A sea snake (Shoals:1)
  A lindwurm (Lair:6)
  5 orc knights
  2 cyclopes
  Pikel (D:8)
  5 mana vipers
  A manticore (Lair:4)
  3 orc sorcerers (Orc)
  2 deep elf magi (D:11)
  2 ugly things
  2 salamanders
  10 elephants
  23 black mambas
  Joseph (D:8)
  4 ice statues (IceCv)
  Maurice (D:12)
  A molten gargoyle (Lair:6)
  A naga mage (Snake:2)
  3 centaur skeletons
  4 gargoyles
  5 cane toads
  An efreet (D:11)
  2 rime drakes
  5 yaktaurs (D:12)
  2 kobold demonologists (D:10)
  A yaktaur (shapeshifter) (D:12)
  3 anaconda simulacra (IceCv)
  8 komodo dragons
  7 ice devils (IceCv)
  A meliai (shapeshifter) (D:11)
  3 merfolk
  4 trolls
  2 hornets
  24 blink frogs
  A meliai zombie (D:12)
  6 dream sheep
  6 hippogriffs
  Sigmund (D:3)
  4 water elementals (Shoals:1)
  A shadow (D:12)
  36 yaks
  11 humans (D:12)
  7 wyverns
  6 basilisks
  2 vampire mosquitoes (D:12)
  3 steam dragons (Lair:6)
  2 hungry ghosts
  2 harpy simulacra (IceCv)
  3 wargs
  14 nagas
  2 acid dragons (D:10)
  10 crocodiles
  4 hell hounds (Lair:6)
  8 water moccasins
  3 hydra simulacra (IceCv)
  7 porcupines
  20 orc warriors
  3 sky beasts
  4 slaves (D:8)
  A black bear (D:7)
  2 ettin simulacra (IceCv)
  2 ice beasts
  13 ogres
  4 phantoms
  2 eyes of draining
  3 necrophages
  34 wolves
  6 centaurs
  A centaur (shapeshifter) (D:12)
  4 big kobolds
  12 bullfrogs
  2 gnoll sergeants (D:6)
  A hornet simulacrum (D:12)
  4 scorpions
  4 wights (D:11)
  3 howler monkeys
  11 electric eels
  5 crimson imps
  9 lava snakes
  A bullfrog zombie (D:5)
  A quasit (D:10)
  6 centaur zombies
  18 orc priests
  7 hounds
  17 orc wizards
  A gnoll shaman (D:9)
  4 iguanas
  5 hell rats
  8 worker ants
  A hound zombie (D:9)
  12 gnolls
  12 adders
  2 shadow imps
  3 oozes
  An adder zombie (D:5)
  A dart slug (D:1)
  2 leopard geckos
  53 orcs
  2 ball pythons
  A giant cockroach (D:2)
  6 hobgoblins
  4 jackals
  21 kobolds
  2 quokkas
  3 bats
  6 frilled lizards
  6 goblins
  A jackal skeleton (D:7)
  2 rats
682 creatures vanquished.

Vanquished Creatures (collateral kills)
  2 hydras
  A mana viper (Snake:1)
  A molten gargoyle (Lair:6)
  A rime drake (Lair:5)
  3 blink frogs
  A dream sheep (Lair:4)
  2 yaks (Lair:2)
  An orc wizard (Orc)
  2 orcs (Orc)
14 creatures vanquished.

Vanquished Creatures (others)
  A shock serpent (Snake:1)
  A human (D:12)
  A wight (D:11)
  A shadow imp (D:11)
  An orc (D:8)
  A ball python (Snake:1)
  20 fungi
  12 plants
38 creatures vanquished.

Grand Total: 734 creatures vanquished

Notes
Turn   | Place    | Note
-------+----------+-------------------------------------------
     0 | D:1      | MisterOstroum the Naga Transmuter began the quest for the
                  | Orb.
     0 | D:1      | Reached XP level 1. HP: 18/18 MP: 3/3
    22 | D:1      | Reached skill level 1 in Stealth
   352 | D:1      | Reached XP level 2. HP: 23/25 MP: 5/5
   356 | D:1      | Learned a level 2 spell: Sticks to Snakes
  1320 | D:1      | Reached XP level 3. HP: 31/31 MP: 6/6
  1325 | D:1      | Learned a level 3 spell: Spider Form
  1519 | D:2      | Found a sparkling altar of Nemelex Xobeh.
  1528 | D:2      | Reached skill level 1 in Poison Magic
  1872 | D:3      | Found an iron altar of Okawaru.
  2494 | D:2      | Reached XP level 4. HP: 23/38 MP: 5/7
  2751 | D:3      | Found a shimmering blue altar of Sif Muna.
  2809 | D:3      | Became a worshipper of Sif Muna the Loreminder
  2849 | D:3      | Noticed Sigmund
  2870 | D:3      | Killed Sigmund
  2870 | D:3      | Reached * piety under Sif Muna
  2870 | D:3      | Reached skill level 5 in Poison Magic
  2870 | D:3      | Reached XP level 5. HP: 44/44 MP: 1/8
  3158 | D:4      | Noticed a sky beast
  3167 | D:4      | Killed a sky beast
  3167 | D:4      | Reached XP level 6. HP: 51/51 MP: 6/9
  3250 | D:4      | Noticed an orc warrior
  3448 | D:4      | Identified Sif Muna's Almanac of the Warrior-Mage (Sif Muna
                  | gifted it to you on level 4 of the Dungeon)
  3448 | D:4      | Received a gift from Sif Muna
  3463 | D:4      | Learned a level 2 spell: Blink
  3576 | D:4      | Found Vala's Distillery.
  3584 | D:4      | Bought a potion of heal wounds for 55 gold pieces
  3584 | D:4      | Bought a potion of heal wounds for 55 gold pieces
  3584 | D:4      | Bought a potion of lignification for 33 gold pieces
  3584 | D:4      | Bought a potion of lignification for 33 gold pieces
  3584 | D:4      | Bought a potion of degeneration for 11 gold pieces
  3584 | D:4      | Bought a potion of curing for 33 gold pieces
  3623 | D:4      | Noticed a phantom
  3674 | D:4      | Killed a phantom
  3674 | D:4      | Reached XP level 7. HP: 51/60 MP: 2/10
  4108 | D:5      | Entered Level 5 of the Dungeon
  4508 | D:5      | Found a glowing silver altar of Zin.
  4822 | D:5      | Noticed a two-headed ogre
  5012 | D:6      | Reached XP level 8. HP: 57/69 MP: 11/11
  5369 | D:6      | Reached skill level 5 in Stealth
  5492 | D:6      | Reached skill level 5 in Unarmed Combat
  5585 | D:6      | Found a white marble altar of Elyvilon.
  5590 | D:6      | Found a stormy altar of Qazlal.
  5591 | D:6      | Found a corrupted altar of Lugonu.
  5592 | D:6      | Found a radiant altar of Vehumet.
  5595 | D:6      | Found a burning altar of Makhleb.
  5754 | D:6      | Reached skill level 5 in Fighting
  5837 | D:6      | Reached XP level 9. HP: 60/81 MP: 12/12
  5940 | D:6      | Reached skill level 5 in Transmutations
  6924 | D:6      | Found a stormy altar of Qazlal.
  6944 | D:5      | Learned a level 4 spell: Ice Form
  7218 | D:7      | Reached skill level 1 in Translocations
  7307 | D:7      | Found a staircase to the Ecumenical Temple.
  7359 | Temple   | Entered the Ecumenical Temple
  7551 | D:7      | Reached skill level 1 in Ice Magic
  8435 | D:8      | Reached XP level 10. HP: 92/92 MP: 9/13
  8447 | D:8      | Reached ** piety under Sif Muna
  8448 | D:8      | Noticed Pikel
  8755 | D:8      | Noticed Joseph
  8769 | D:8      | Killed Joseph
  8837 | D:8      | Identified Podu's Compendium of Entrancing Poison (Sif Muna
                  | gifted it to you on level 8 of the Dungeon)
  8837 | D:8      | Received a gift from Sif Muna
  9680 | D:8      | Killed Pikel
  9680 | D:8      | Reached skill level 5 in Ice Magic
  9726 | D:8      | Found a staircase to the Lair.
 10053 | D:8      | Reached skill level 1 in Evocations
 10121 | D:8      | Found a staircase to the Orcish Mines.
 10746 | Lair:1   | Entered Level 1 of the Lair of Beasts
 10752 | Lair:1   | Reached skill level 5 in Dodging
 10797 | D:8      | Reached XP level 11. HP: 48/100 MP: 10/14
 11250 | D:8      | Found a staircase to the Lair.
 11897 | Lair:1   | Reached skill level 1 in Invocations
 12013 | Lair:1   | Found a shimmering blue altar of Sif Muna.
 12833 | Lair:1   | Noticed a fire dragon
 13078 | Lair:2   | Found a staircase to the Shoals.
 13079 | Lair:2   | Noticed a manticore
 13939 | Lair:2   | Noticed Harold
 14383 | Lair:2   | Found a staircase to the Snake Pit.
 14799 | Lair:3   | Noticed Gastronok
 14859 | Lair:3   | Noticed Fannar
 15052 | Lair:3   | Killed Fannar
 15052 | Lair:3   | Reached XP level 12. HP: 58/114 MP: 13/15
 15315 | Lair:3   | Identified Sif Muna's Almanac of the Hare (Sif Muna gifted
                  | it to you on level 3 of the Lair of Beasts)
 15315 | Lair:3   | Received a gift from Sif Muna
 15530 | Lair:3   | Killed Gastronok
 15530 | Lair:3   | Reached skill level 10 in Fighting
 15530 | Lair:3   | Reached skill level 10 in Unarmed Combat
 16002 | Lair:3   | Noticed a death yak
 17880 | Lair:4   | Gained mutation: You can use your snake-like lower body to
                  | constrict enemies. [Naga growth]
 17880 | Lair:4   | Reached XP level 13. HP: 124/124 MP: 17/19
 18014 | Lair:4   | Got a brightly glowing scimitar
 18372 | Lair:4   | Killed Harold
 18372 | Lair:4   | Reached *** piety under Sif Muna
 18638 | Lair:4   | Received a gift from Sif Muna
 19050 | Lair:5   | Reached skill level 5 in Spellcasting
 19056 | Lair:5   | Reached skill level 10 in Transmutations
 19319 | Lair:4   | Learned a level 5 spell: Blade Hands
 19765 | D:9      | Identified the +9 scimitar "Wubbeashi" {flame, rF+ rC+
                  | Int+4} (You found it on level 4 of the Lair of Beasts)
 20141 | D:9      | Found Dukhloq's Magic Scroll Shoppe.
 20149 | D:9      | Bought a scroll of fear for 42 gold pieces
 20149 | D:9      | Bought a scroll of fog for 24 gold pieces
 20149 | D:9      | Bought a scroll of teleportation for 36 gold pieces
 20703 | D:10     | Entered Level 10 of the Dungeon
 21758 | D:10     | Identified Sif Muna's Volume of Harmful Black Rituals (Sif
                  | Muna gifted it to you on level 10 of the Dungeon)
 21758 | D:10     | Received a gift from Sif Muna
 22440 | Lair:5   | Reached skill level 5 in Evocations
 22450 | Lair:5   | Reached XP level 14. HP: 117/135 MP: 21/23
 22720 | Lair:5   | Found a staircase to the Slime Pits.
 22728 | Lair:5   | Found a viscous altar of Jiyva.
 23493 | Lair:6   | Entered Level 6 of the Lair of Beasts
 25256 | Lair:6   | Reached **** piety under Sif Muna
 25396 | Lair:6   | Received a gift from Sif Muna
 25402 | Lair:6   | Learned a level 3 spell: Ozocubu's Armour
 25928 | Lair:6   | Found a large runed door.
 25929 | Lair:6   | Found a large runed door.
 26376 | Lair:6   | Reached skill level 1 in Charms
 27060 | Orc      | Entered the Orcish Mines
 27106 | Orc      | Reached skill level 10 in Stealth
 27825 | Orc      | Found a roughly hewn altar of Beogh.
 27960 | Orc      | Found a staircase to the Elven Halls.
 28992 | Orc      | Reached XP level 15. HP: 141/141 MP: 23/27
 29088 | Orc      | Found Kaphuo Iror's Gadget Emporium.
 29088 | Orc      | Found Loozes's Gadget Shop.
 29090 | Orc      | Found Cobajisch's Distillery.
 29090 | Orc      | Found Xonlil's General Store.
 29102 | Orc      | Bought a wand of paralysis (10) for 180 gold pieces
 29102 | Orc      | Bought a wand of acid (6) for 300 gold pieces
 29104 | Orc      | Bought the +1 leather armour of Fun and Games {Int+7 Dex-4}
                  | for 263 gold pieces
 29104 | Orc      | Bought 2 potions of brilliance for 104 gold pieces
 29104 | Orc      | Bought a potion of heal wounds for 65 gold pieces
 29104 | Orc      | Bought a wand of enslavement (9) for 143 gold pieces
 29105 | Orc      | Bought a potion of might for 56 gold pieces
 29105 | Orc      | Bought a potion of heal wounds for 70 gold pieces
 29105 | Orc      | Bought a potion of heal wounds for 70 gold pieces
 29105 | Orc      | Bought a potion of brilliance for 56 gold pieces
 29105 | Orc      | Bought a potion of agility for 56 gold pieces
 29105 | Orc      | Bought a potion of resistance for 140 gold pieces
 29105 | Orc      | Bought a potion of curing for 42 gold pieces
 29813 | D:11     | Identified Cuelaon's Reference Book on Lucky Orientation
                  | (Sif Muna gifted it to you on level 11 of the Dungeon)
 29813 | D:11     | Received a gift from Sif Muna
 29825 | D:11     | Noticed Snorg
 29837 | D:11     | Killed Snorg
 30429 | D:11     | Found a portal to a secret trove of treasure.
 30592 | D:11     | Identified a scroll of acquirement
 30665 | D:12     | Entered Level 12 of the Dungeon
 30841 | D:12     | Got a smoking leather armour
 31616 | D:12     | Noticed Maurice
 31650 | D:12     | Killed Maurice
 31685 | D:12     | Found a gate to the Vaults.
 32440 | D:12     | Found a staircase to the Depths.
 32798 | Snake:1  | Entered Level 1 of the Snake Pit
 33565 | Snake:1  | Got a pitted hand axe
 33571 | Snake:1  | Found a runed translucent gate.
 33572 | Snake:1  | Found a runed translucent gate.
 33573 | Snake:1  | Found a runed translucent gate.
 33574 | Snake:1  | Found an opulent altar of Gozag.
 33575 | Snake:1  | Found Saeptom's Assorted Antiques.
 33575 | Snake:1  | Noticed SirMumm's ghost (adept GrWz)
 33577 | Snake:1  | Found Amomm's Assorted Antiques.
 33687 | Snake:1  | Learned a level 1 spell: Apportation
 34286 | Snake:1  | Reached XP level 16. HP: 153/153 MP: 28/28
 36250 | Shoals:1 | Entered Level 1 of the Shoals
 36340 | Shoals:1 | Found a frozen archway.
 36352 | IceCv    | Entered an ice cave
 36818 | IceCv    | Identified Sif Muna's Grimoire of Supportive Toxins (Sif
                  | Muna gifted it to you in an ice cave)
 36818 | IceCv    | Received a gift from Sif Muna
 37501 | IceCv    | Noticed an Ice Fiend
 37510 | IceCv    | HP: 8/231 [Ice Fiend (12)]
 37510 | IceCv    | Annihilated by an Ice Fiend

Skill      XL: |  1  2  3  4  5  6  7  8  9 10 11 12 13 14 15 16 |
---------------+-------------------------------------------------+-----
Stealth        | 2 3 4 5 8 10 | 10.4
Poison Magic   | 2 5 6 |  6.2
Transmutations | 3 4 5 7 8 9 10 11 | 11.7
Fighting       | 2 3 5 6 7 9 10 11 12 | 12.8
Dodging        | 2 3 4 5 6 8 9 |  9.3
Unarmed Combat | 4 6 7 9 10 11 12 | 12.8
Translocations | 1 3 |  3.0
Ice Magic      | 3 6 7 |  7.0
Evocations     | 2 3 5 6 7 8 |  8.3
Invocations    | 2 |  2.9
Spellcasting   | 4 6 8 |  8.0
Charms         | 3 |  3.0

Action                   |  1- 3 |  4- 6 |  7- 9 | 10-12 | 13-15 | 16-18 || total
-------------------------+-------+-------+-------+-------+-------+-------++-------
Melee: Unarmed           |   110 |    45 |   226 |   458 |  1178 |   225 ||  2242
       Headbutt          |     2 |       |       |       |       |       ||     2
       Punch             |     1 |       |       |       |     3 |       ||     4
       Staff             |       |       |       |       |     8 |     2 ||    10
       Constrict         |       |       |       |       |     4 |       ||     4
       Scimitar          |       |       |       |       |     2 |       ||     2
Throw: Stone             |       |       |     3 |     1 |     3 |       ||     7
 Cast: Beastly Appendage |     9 |       |       |       |       |       ||     9
       Spider Form       |     1 |     2 |     5 |    16 |    11 |     1 ||    36
       Sticks to Snakes  |       |     5 |     3 |    17 |    49 |    14 ||    88
       Ice Form          |       |       |     3 |    21 |    16 |     1 ||    41
       Blade Hands       |       |       |       |       |     5 |       ||     5
       Blink             |       |       |       |       |     6 |       ||     6
       Ozocubu's Armour  |       |       |       |       |     9 |     4 ||    13
       Apportation       |       |       |       |       |     2 |       ||     2
Invok: Channel Magic     |       |       |       |       |       |     1 ||     1
 Abil: Spit Poison       |    24 |     9 |    59 |   116 |   104 |       ||   312
       End Transformatio |       |       |     4 |     5 |    13 |     1 ||    23
Evoke: Wand              |       |       |       |     3 |    14 |     4 ||    21
  Use: Scroll            |     4 |       |     6 |     5 |    12 |     1 ||    28
       Potion            |       |     3 |       |       |     2 |     1 ||     6
 Stab: Sleeping          |     5 |       |     2 |     3 |    19 |    11 ||    40
       Distracted        |       |     1 |       |     1 |    11 |     1 ||    14
       Paralysed         |       |       |       |       |     2 |       ||     2
  Eat: Chunk             |     4 |     2 |    15 |    31 |    34 |       ||    86
       Ration            |       |     1 |       |     2 |     5 |     2 ||    10
Armor: Robe              |    21 |     2 |     1 |     1 |     8 |       ||    33
       Skin              |       |     1 |    16 |    53 |   246 |    45 ||   361
Dodge: Dodged            |    39 |    27 |   164 |   324 |   726 |   115 ||  1395
Block: Other             |       |       |       |       |    21 |     9 ||    30
